Sarnia Sailors vs Reno Silver Aces
Created - Saturday, March 8, 2025 at 11:23
Goals
|
| Sarnia Sailors |
0 |
0 |
1 |
1 |
| Reno Silver Aces |
1 |
1 |
1 |
3 |
|
Shots
|
| Sarnia Sailors |
11 |
9 |
14 |
34 |
| Reno Silver Aces |
15 |
10 |
7 |
32 |
|
1st period
1. Reno Silver Aces , Jeremie Poirier 2 (Kieffer Bellows 21, Patrick Brown 22) at 11:54
Penalties :
Cole Reinhardt (SAR) for Slashing (Minor) at 7:25, Peter Abbandonato (RSA) for Fighting (Major) at 17:56, Jack Rathbone (SAR) for Fighting (Major) at 17:56, Peter Abbandonato (RSA) for instigated a fight (Minor) at 17:56, Peter Abbandonato (RSA) for instigated a fight (10 Minutes Misconduct) at 17:56
2nd period
2. Reno Silver Aces , Vinnie Hinostroza 16 (Curtis Lazar 21) at 17:59 (PP)
Penalties :
Mathieu Olivier (RSA) for Holding (Minor) at 4:13, Casey Fitzgerald (RSA) for Fighting (Major) at 16:59, Vasili Podkolzin (SAR) for Fighting (Major) at 16:59, Vasili Podkolzin (SAR) for instigated a fight (Minor) at 16:59, Vasili Podkolzin (SAR) for instigated a fight (10 Minutes Misconduct) at 16:59
3rd period
3. Reno Silver Aces , Peter Abbandonato 3 (Casey Fitzgerald 7) at 2:08
4. Sarnia Sailors , Jesse Puljujarvi 19 (Jett Woo 8, Jack Rathbone 9) at 4:59
Penalties :
Nicolas Deslauriers (RSA) for Tripping (Minor) at 6:57, Tanner Laczynski (RSA) for Fighting (Major) at 15:26, Lucas Edmonds (SAR) for Fighting (Major) at 15:26, Cole Reinhardt (SAR) for Roughing (Minor) at 15:33
Goalie Stats
Sebastian Cossa (SAR), 29 saves from 32 shots - (0.906), L, 9-5-1, 60:00 minutes
Philipp Grubauer (RSA), 33 saves from 34 shots - (0.971), W, 9-2-0, 60:00 minutes
Players Stats for Sarnia Sailors
Player Name G A P +/- PIM S H SB GA TA FO MP PP MP PK MP
------------------------------------------------------------------------------------
0 0 0 0 0 0 0 0 0 0 0/0 0:00 0:00 0:00
Adam Erne 0 0 0 0 0 0 0 0 0 0 0/2 12:46 0:00 3:03
Arthur Kaliyev 0 0 0 -2 0 1 1 1 1 0 1/1 19:11 2:58 0:00
Brad Lambert 0 0 0 -2 0 4 1 2 1 0 13/28 20:05 3:00 0:47
Cole Reinhardt 0 0 0 0 4 0 1 0 0 0 0/0 9:55 0:00 0:00
Declan Chisholm 0 0 0 -2 0 2 4 1 0 0 0/0 24:28 2:55 2:40
Jack Rathbone 0 1 1 1 5 3 3 0 0 0 0/0 19:22 2:01 2:18
Jamie Drysdale 0 0 0 -2 0 3 3 5 0 2 0/0 25:52 2:55 2:40
Jesse Puljujarvi 1 0 1 1 0 6 0 0 3 2 0/0 17:25 2:48 0:00
Jett Woo 0 1 1 1 0 1 3 3 0 0 0/0 17:36 3:02 0:00
Landon Slaggert 0 0 0 0 0 1 1 0 0 0 0/1 9:38 0:00 1:08
Logan Morrison 0 0 0 -1 0 1 1 0 2 1 3/10 19:57 2:48 3:03
Lucas Edmonds 0 0 0 0 5 3 2 0 0 0 0/1 12:01 1:15 0:31
Philippe Myers 0 0 0 0 0 2 1 0 0 1 0/0 17:20 0:20 2:18
Rory Kerins 0 0 0 0 0 0 0 0 0 0 3/4 8:30 0:00 0:00
Samuel Walker 0 0 0 1 0 3 1 0 0 0 0/1 17:02 3:09 0:16
Tristen Nielsen 0 0 0 1 0 1 0 1 0 0 3/7 14:38 0:00 1:08
Tyson Hinds 0 0 0 0 0 2 0 0 0 0 0/0 15:21 0:41 0:00
Vasili Podkolzin 0 0 0 -1 17 1 1 0 0 0 0/1 13:50 1:53 0:00
Players Stats for Reno Silver Aces
Player Name G A P +/- PIM S H SB GA TA FO MP PP MP PK MP
------------------------------------------------------------------------------------
0 0 0 0 0 0 0 0 0 0 0/0 0:00 0:00 0:00
Brendan Lemieux 0 0 0 0 0 0 2 0 0 0 0/0 11:35 0:00 0:00
Casey Fitzgerald 0 1 1 1 5 0 0 0 0 0 0/0 13:16 0:00 0:00
Cole Koepke 0 0 0 1 0 3 0 0 0 0 1/1 11:07 0:00 0:00
Curtis Lazar 0 1 1 0 0 3 2 1 2 1 17/24 19:09 2:35 2:58
Jeremie Poirier 1 0 1 1 0 1 0 2 0 0 0/0 20:55 2:41 3:00
Jordan Oesterle 0 0 0 -1 0 2 0 3 0 0 0/0 24:23 2:17 2:57
Kieffer Bellows 0 1 1 0 0 5 1 0 1 0 1/1 18:43 2:23 2:51
Mathieu Olivier 0 0 0 0 2 2 1 0 0 0 0/0 15:44 2:23 0:00
Nicolas Deslauriers 0 0 0 0 2 1 1 1 0 0 0/0 13:26 0:00 0:08
Patrick Brown 0 1 1 0 0 4 1 0 0 0 9/17 16:13 2:23 0:00
Peter Abbandonato 1 0 1 1 17 3 0 0 0 0 0/1 7:43 0:00 0:00
Samuel Bolduc 0 0 0 -1 0 1 0 0 0 0 0/0 24:23 2:17 2:57
Tanner Laczynski 0 0 0 0 5 1 0 1 0 1 3/8 12:03 0:00 0:08
Trevor Lewis 0 0 0 0 0 0 3 3 0 1 1/2 19:15 2:35 2:58
Ty Smith 0 0 0 1 0 0 1 2 0 2 0/0 22:20 2:41 3:00
Vinnie Hinostroza 1 0 1 0 0 6 0 0 2 1 1/2 19:08 2:35 2:51
William Villeneuve 0 0 0 1 0 0 0 0 0 1 0/0 14:42 0:00 0:00
Zachary L'Heureux 0 0 0 1 0 0 3 0 1 0 0/0 9:53 0:00 0:00
3 Stars
1 - Philipp Grubauer (RSA)
2 - Jeremie Poirier (RSA)
3 - Vinnie Hinostroza (RSA)
Power Play
Sarnia Sailors - 0 on 3 Attempt(s) - 0.00%
Reno Silver Aces - 1 on 3 Attempt(s) - 33.33%
Penalty Kill
Sarnia Sailors - 2 on 3 Attempt(s) - 66.67%
- Score 0 goal in Penalty Kill
Reno Silver Aces - 3 on 3 Attempt(s) - 100.00%
- Score 0 goal in Penalty Kill
Team Stat
Sarnia Sailors - Hits : 23 - Faceoff Wins : 23 - Blocked Shots : 13 - Penalty Minutes : 31
Reno Silver Aces - Hits : 15 - Faceoff Wins : 33 - Blocked Shots : 13 - Penalty Minutes : 31
Official
Referees : Cody Beach and Marc Joannette
Linesman : Trent Knorr and Mitchell Hunt
Game Notes
Jack Rathbone beats up Peter Abbandonato at 17:56 of 1st period
Vasili Podkolzin beats up Casey Fitzgerald at 16:59 of 2nd period
Tanner Laczynski and Lucas Edmonds fight to a draw at 15:26 of 3rd period
Sarnia Sailors
5 vs 5 Forward
Center Left Wing Right Wing Time % Phy DF OF
1 Brad Lambert Vasili Podkolzin Arthur Kaliyev 40 2 1 2
2 Tristen Nielsen Samuel Walker Jesse Puljujarvi 30 2 1 2
3 Logan Morrison Adam Erne Cole Reinhardt 20 1 2 2
4 Rory Kerins Landon Slaggert Lucas Edmonds 10 2 1 2
5 vs 5 Defense
Defense Defense Time % Phy DF OF
1 Jamie Drysdale Declan Chisholm 40 1 2 2
2 Jett Woo Jack Rathbone 30 2 1 2
3 Tyson Hinds Philippe Myers 20 2 2 1
4 Jamie Drysdale Jack Rathbone 10 1 2 2
PowerPlay Forward
Center Left Wing Right Wing Time % Phy DF OF
1 Brad Lambert Samuel Walker Arthur Kaliyev 60 0 1 4
2 Logan Morrison Vasili Podkolzin Jesse Puljujarvi 40 0 1 4
PowerPlay Defense
Defense Defense Time % Phy DF OF
1 Jamie Drysdale Declan Chisholm 60 1 1 3
2 Jett Woo Jack Rathbone 40 2 1 2
Penalty Kill 4 Players Forward
Center Wing Time % Phy DF OF
1 Logan Morrison Adam Erne 60 2 2 1
2 Tristen Nielsen Landon Slaggert 40 2 2 1
Penalty Kill 4 Players Defense
Defense Defense Time % Phy DF OF
1 Jamie Drysdale Declan Chisholm 60 2 1 2
2 Philippe Myers Jack Rathbone 40 2 2 1
Penalty Kill - 3 Players Forward
Forward Time % Phy DF OF
1 Logan Morrison 60 2 2 1
2 Tristen Nielsen 40 2 2 1
Penalty Kill - 3 Players Defense
Defense Defense Time % Phy DF OF
1 Jamie Drysdale Declan Chisholm 60 2 1 2
2 Philippe Myers Jack Rathbone 40 2 2 1
4 vs 4 Forward
Center Wing Time % Phy DF OF
1 Brad Lambert Arthur Kaliyev 60 2 1 2
2 Tristen Nielsen Jesse Puljujarvi 40 2 1 2
4 vs 4 Defense
Defense Defense Time % Phy DF OF
1 Jamie Drysdale Declan Chisholm 60 1 2 2
2 Tyson Hinds Philippe Myers 40 2 1 2
Last Minutes Offensive
Center Left Wing Right Wing Defense Defense
Brad Lambert Vasili Podkolzin Arthur Kaliyev Jamie Drysdale Jack Rathbone
Last Minutes Defensive
Center Left Wing Right Wing Defense Defense
Brad Lambert Vasili Podkolzin Arthur Kaliyev Jamie Drysdale Jack Rathbone
Goaltenders
Starting : Sebastian Cossa
Backup : Unknown Goalie
Extra Forwards
Normal : Logan Morrison, Lucas Edmonds, Brad Lambert - PP : Logan Morrison, Lucas Edmonds - PK : Logan Morrison
Extra Defensemen
Normal : Tyson Hinds, Philippe Myers, Jamie Drysdale - PP : Tyson Hinds - PK : Tyson Hinds, Philippe Myers
Penalty Shots
Brad Lambert, Samuel Walker, Arthur Kaliyev, Tristen Nielsen, Jesse Puljujarvi
Scratches
Adam Ginning (Healthy), Daniel Torgersson (Healthy), Tyler Boucher (Healthy), Antti Saarela (Healthy), Remi Poirier (Healthy)
Dylan Ferguson (Healthy)
Reno Silver Aces
5 vs 5 Forward
Center Left Wing Right Wing Time % Phy DF OF
1 Curtis Lazar Vinnie Hinostroza Trevor Lewis 30 1 2 2
2 Patrick Brown Kieffer Bellows Mathieu Olivier 30 1 2 2
3 Tanner Laczynski Brendan Lemieux Nicolas Deslauriers 25 1 2 2
4 Peter Abbandonato Zachary L'Heureux Cole Koepke 15 1 2 2
5 vs 5 Defense
Defense Defense Time % Phy DF OF
1 Jordan Oesterle Samuel Bolduc 30 1 2 2
2 Ty Smith Jeremie Poirier 30 1 2 2
3 William Villeneuve Casey Fitzgerald 25 1 2 2
4 Jordan Oesterle Samuel Bolduc 15 1 2 2
PowerPlay Forward
Center Left Wing Right Wing Time % Phy DF OF
1 Curtis Lazar Vinnie Hinostroza Trevor Lewis 50 1 2 2
2 Patrick Brown Kieffer Bellows Mathieu Olivier 50 1 2 2
PowerPlay Defense
Defense Defense Time % Phy DF OF
1 Jordan Oesterle Samuel Bolduc 50 1 2 2
2 Ty Smith Jeremie Poirier 50 1 2 2
Penalty Kill 4 Players Forward
Center Wing Time % Phy DF OF
1 Curtis Lazar Trevor Lewis 50 1 2 2
2 Vinnie Hinostroza Kieffer Bellows 50 1 2 2
Penalty Kill 4 Players Defense
Defense Defense Time % Phy DF OF
1 Jordan Oesterle Samuel Bolduc 50 1 2 2
2 Ty Smith Jeremie Poirier 50 1 2 2
Penalty Kill - 3 Players Forward
Forward Time % Phy DF OF
1 Curtis Lazar 50 1 2 2
2 Trevor Lewis 50 1 2 2
Penalty Kill - 3 Players Defense
Defense Defense Time % Phy DF OF
1 Jordan Oesterle Samuel Bolduc 50 1 2 2
2 Ty Smith Jeremie Poirier 50 1 2 2
4 vs 4 Forward
Center Wing Time % Phy DF OF
1 Curtis Lazar Trevor Lewis 50 1 2 2
2 Vinnie Hinostroza Kieffer Bellows 50 1 2 2
4 vs 4 Defense
Defense Defense Time % Phy DF OF
1 Jordan Oesterle Samuel Bolduc 50 1 2 2
2 Ty Smith Jeremie Poirier 50 1 2 2
Last Minutes Offensive
Center Left Wing Right Wing Defense Defense
Curtis Lazar Vinnie Hinostroza Trevor Lewis Jordan Oesterle Samuel Bolduc
Last Minutes Defensive
Center Left Wing Right Wing Defense Defense
Curtis Lazar Vinnie Hinostroza Trevor Lewis Jordan Oesterle Samuel Bolduc
Goaltenders
Starting : Philipp Grubauer
Backup : Mackenzie Blackwood
Extra Forwards
Normal : Nicolas Deslauriers, Cole Koepke, Tanner Laczynski - PP : Nicolas Deslauriers, Cole Koepke - PK : Tanner Laczynski
Extra Defensemen
Normal : William Villeneuve, Casey Fitzgerald, Ty Smith - PP : William Villeneuve - PK : Casey Fitzgerald, Ty Smith
Penalty Shots
Curtis Lazar, Trevor Lewis, Vinnie Hinostroza, Kieffer Bellows, Mathieu Olivier
Scratches
William Dufour (Healthy), Marshall Rifai (Healthy), Jacob Melanson (Healthy), Frederic Brunet (Healthy), Christian Kyrou (Healthy)
Nathan Gaucher (Healthy), Blade Jenkins (Healthy), Wyatte Wylie (Healthy), Jiri Patera (Healthy)
% Time on Ice - Sarnia Sailors
Lines # - Real PCT - Wanted PCT - Time Play
Normal Forward
1 - 35% - 40% - 17:00
2 - 29% - 30% - 14:10
3 - 19% - 20% - 9:25
4 - 17% - 10% - 8:30
Normal Defense
1 - 38% - 40% - 18:53
2 - 30% - 30% - 14:35
3 - 29% - 20% - 14:13
4 - 3% - 10% - 1:24
PP Forward
1 - 53% - 60% - 3:09
2 - 47% - 40% - 2:48
PP Defense
1 - 49% - 60% - 2:55
2 - 51% - 40% - 3:02
PK Forward
1 - 77% - 60% - 3:50
2 - 23% - 40% - 1:08
PK Defense
1 - 54% - 60% - 2:40
2 - 46% - 40% - 2:18
PK3 Forward
1 - 0% - 60%
2 - 0% - 40%
PK3 Defense
1 - 0% - 60%
2 - 0% - 40%
44 Forward
1 - 0% - 60%
2 - 0% - 40%
44 Defense
1 - 0% - 60%
2 - 0% - 40%
Last Minute Offensive - 0:00
Last Minute Defensive - 0:00
Total
Forward - 60:00
Defense - 60:00
|
% Time on Ice - Reno Silver Aces
Lines # - Real PCT - Wanted PCT - Time Play
Normal Forward
1 - 28% - 30% - 13:57
2 - 29% - 30% - 14:03
3 - 23% - 25% - 11:12
4 - 20% - 15% - 9:53
Normal Defense
1 - 28% - 30% - 13:46
2 - 31% - 30% - 15:14
3 - 30% - 25% - 14:42
4 - 11% - 15% - 5:23
PP Forward
1 - 52% - 50% - 2:35
2 - 48% - 50% - 2:23
PP Defense
1 - 46% - 50% - 2:17
2 - 54% - 50% - 2:41
PK Forward
1 - 50% - 50% - 2:58
2 - 50% - 50% - 2:59
PK Defense
1 - 50% - 50% - 2:57
2 - 50% - 50% - 3:00
PK3 Forward
1 - 0% - 50%
2 - 0% - 50%
PK3 Defense
1 - 0% - 50%
2 - 0% - 50%
44 Forward
1 - 0% - 50%
2 - 0% - 50%
44 Defense
1 - 0% - 50%
2 - 0% - 50%
Last Minute Offensive - 0:00
Last Minute Defensive - 0:00
Total
Forward - 60:00
Defense - 60:00
|
Play-by-Play
1st period
0:01 of 1st period - Curtis Lazar wins face-off versus Brad Lambert in neutral zone.
0:04 of 1st period - Snap shot by Curtis Lazar.
0:04 of 1st period - Shot Misses the Net.
0:30 of 1st period - Snap shot by Adam Erne.
0:30 of 1st period - Deflect By Curtis Lazar.
0:30 of 1st period - Shot Misses the Net.
0:30 of 1st period - Puck is out of play.
0:31 of 1st period - Patrick Brown wins face-off versus Logan Morrison in Reno Silver Aces zone.
0:36 of 1st period - Snap shot by Logan Morrison.
0:36 of 1st period - Stopped by Philipp Grubauer with a rebound.
1:00 of 1st period - Snap shot by Samuel Walker.
1:00 of 1st period - Shot Misses the Net.
1:02 of 1st period - Slapshot by Jack Rathbone.
1:02 of 1st period - Stopped by Philipp Grubauer without a rebound.
1:03 of 1st period - Rory Kerins wins face-off versus Peter Abbandonato in Reno Silver Aces zone.
1:10 of 1st period - Snap shot by Rory Kerins.
1:10 of 1st period - Shot Misses the Net.
1:53 of 1st period - Jordan Oesterle is hit by Philippe Myers and loses puck.
2:22 of 1st period - Wrist shot by Samuel Walker.
2:22 of 1st period - Stopped by Philipp Grubauer without a rebound.
2:23 of 1st period - Brad Lambert wins face-off versus Tanner Laczynski in Reno Silver Aces zone.
2:24 of 1st period - Wrist shot by Arthur Kaliyev.
2:24 of 1st period - Stopped by Philipp Grubauer with a rebound.
2:36 of 1st period - Wrist shot by Vasili Podkolzin.
2:36 of 1st period - Shot Misses the Net.
2:48 of 1st period - Adam Erne is hit by Ty Smith and loses puck.
3:15 of 1st period - Wrist shot by Rory Kerins.
3:15 of 1st period - Shot Misses the Net.
3:17 of 1st period - Snap shot by Rory Kerins.
3:17 of 1st period - Shot Blocked by Curtis Lazar.
3:33 of 1st period - Snap shot by Brad Lambert.
3:33 of 1st period - Stopped by Philipp Grubauer with a rebound.
4:19 of 1st period - Rory Kerins is hit by Mathieu Olivier and loses puck.
4:44 of 1st period - Cole Koepke is hit by Jett Woo and loses puck.
5:15 of 1st period - Snap shot by Tanner Laczynski.
5:15 of 1st period - Shot Misses the Net.
5:43 of 1st period - Vinnie Hinostroza is hit by Vasili Podkolzin and loses puck.
6:39 of 1st period - Slapshot by Kieffer Bellows.
6:39 of 1st period - Shot Misses the Net.
6:41 of 1st period - Snap shot by Kieffer Bellows.
6:41 of 1st period - Stopped by Sebastian Cossa without a rebound.
6:42 of 1st period - Patrick Brown wins face-off versus Brad Lambert in Sarnia Sailors zone.
7:25 of 1st period - Minor Penalty to Cole Reinhardt for Slashing.
7:26 of 1st period - Curtis Lazar wins face-off versus Adam Erne in Sarnia Sailors zone.
8:44 of 1st period - Off-side.
8:45 of 1st period - Brad Lambert wins face-off versus Trevor Lewis in neutral zone.
8:52 of 1st period - Slapshot by Jamie Drysdale.
8:52 of 1st period - Stopped by Philipp Grubauer with a rebound.
8:54 of 1st period - Slapshot by Philippe Myers.
8:54 of 1st period - Shot Blocked by Jeremie Poirier.
8:56 of 1st period - Wrist shot by Lucas Edmonds.
8:56 of 1st period - Shot Misses the Net.
9:25 of 1st period - Penalty to Cole Reinhardt is over, Cole Reinhardt is back on ice.
9:43 of 1st period - Samuel Bolduc is hit by Declan Chisholm and loses puck.
10:18 of 1st period - Landon Slaggert is hit by Brendan Lemieux and loses puck.
10:27 of 1st period - Nicolas Deslauriers is hit by Jack Rathbone and loses puck.
10:38 of 1st period - Logan Morrison is hit by Trevor Lewis and loses puck.
11:27 of 1st period - Icing by Tanner Laczynski.
11:28 of 1st period - Tanner Laczynski wins face-off versus Landon Slaggert in Reno Silver Aces zone.
11:28 of 1st period - Tanner Laczynski is hit by Jamie Drysdale.
11:38 of 1st period - Wrist shot by Nicolas Deslauriers.
11:38 of 1st period - Stopped by Sebastian Cossa without a rebound.
11:39 of 1st period - Patrick Brown wins face-off versus Brad Lambert in Sarnia Sailors zone.
11:50 of 1st period - Snap shot by Kieffer Bellows.
11:50 of 1st period - Stopped by Sebastian Cossa with a rebound.
11:52 of 1st period - Snap shot by Kieffer Bellows.
11:52 of 1st period - Shot Blocked by Jamie Drysdale.
11:54 of 1st period - Slapshot by Jeremie Poirier.
11:54 of 1st period - Goal by Jeremie Poirier - Sarnia Sailors : 0 - Reno Silver Aces : 1.
11:55 of 1st period - Brad Lambert wins face-off versus Curtis Lazar in neutral zone.
12:02 of 1st period - Snap shot by Arthur Kaliyev.
12:02 of 1st period - Shot Misses the Net.
12:32 of 1st period - Slapshot by Patrick Brown.
12:32 of 1st period - Stopped by Sebastian Cossa without a rebound.
12:33 of 1st period - Brad Lambert wins face-off versus Tanner Laczynski in Sarnia Sailors zone.
12:38 of 1st period - Wrist shot by Arthur Kaliyev.
12:38 of 1st period - Shot Misses the Net.
12:40 of 1st period - Wrist shot by Arthur Kaliyev.
12:40 of 1st period - Shot Misses the Net.
12:42 of 1st period - Slapshot by Brad Lambert.
12:42 of 1st period - Shot Misses the Net.
12:44 of 1st period - Snap shot by Vasili Podkolzin.
12:44 of 1st period - Stopped by Philipp Grubauer with a rebound.
12:46 of 1st period - Wrist shot by Vasili Podkolzin.
12:46 of 1st period - Shot Blocked by Jordan Oesterle.
13:07 of 1st period - Slapshot by Tanner Laczynski.
13:07 of 1st period - Deflect By Logan Morrison.
13:07 of 1st period - Stopped by Sebastian Cossa with a rebound.
13:09 of 1st period - Slapshot by Jordan Oesterle.
13:09 of 1st period - Stopped by Sebastian Cossa with a rebound.
13:27 of 1st period - Wrist shot by Kieffer Bellows.
13:27 of 1st period - Stopped by Sebastian Cossa without a rebound.
13:28 of 1st period - Curtis Lazar wins face-off versus Brad Lambert in Sarnia Sailors zone.
13:29 of 1st period - Slapshot by Trevor Lewis.
13:29 of 1st period - Shot Blocked by Declan Chisholm.
13:33 of 1st period - Snap shot by Curtis Lazar.
13:33 of 1st period - Stopped by Sebastian Cossa without a rebound.
13:34 of 1st period - Brad Lambert wins face-off versus Curtis Lazar in Sarnia Sailors zone.
13:38 of 1st period - Off-side.
13:39 of 1st period - Patrick Brown wins face-off versus Brad Lambert in neutral zone.
13:42 of 1st period - Slapshot by Mathieu Olivier.
13:42 of 1st period - Stopped by Sebastian Cossa with a rebound.
15:09 of 1st period - Snap shot by Patrick Brown.
15:09 of 1st period - Stopped by Sebastian Cossa with a rebound.
15:11 of 1st period - Snap shot by Kieffer Bellows.
15:11 of 1st period - Stopped by Sebastian Cossa with a rebound.
15:13 of 1st period - Slapshot by Samuel Bolduc.
15:13 of 1st period - Deflect By Cole Reinhardt.
15:13 of 1st period - Stopped by Sebastian Cossa with a rebound.
15:23 of 1st period - Casey Fitzgerald is hit by Jack Rathbone and loses puck.
15:30 of 1st period - Trevor Lewis is hit by Arthur Kaliyev and loses puck.
15:39 of 1st period - Tyson Hinds is hit by Curtis Lazar and loses puck.
15:52 of 1st period - Slapshot by Jesse Puljujarvi.
15:52 of 1st period - Stopped by Philipp Grubauer without a rebound.
15:53 of 1st period - Tristen Nielsen wins face-off versus Tanner Laczynski in Reno Silver Aces zone.
16:37 of 1st period - Snap shot by Logan Morrison.
16:37 of 1st period - Shot Blocked by Ty Smith.
16:45 of 1st period - Wrist shot by Patrick Brown.
16:45 of 1st period - Shot Misses the Net.
16:47 of 1st period - Wrist shot by Mathieu Olivier.
16:47 of 1st period - Deflect By Patrick Brown.
16:47 of 1st period - Stopped by Sebastian Cossa without a rebound.
16:48 of 1st period - Curtis Lazar wins face-off versus Brad Lambert in Sarnia Sailors zone.
16:51 of 1st period - Wrist shot by Vinnie Hinostroza.
16:51 of 1st period - Stopped by Sebastian Cossa without a rebound.
16:52 of 1st period - Curtis Lazar wins face-off versus Brad Lambert in Sarnia Sailors zone.
17:17 of 1st period - Slapshot by Jesse Puljujarvi.
17:17 of 1st period - Stopped by Philipp Grubauer with a rebound.
17:19 of 1st period - Snap shot by Jesse Puljujarvi.
17:19 of 1st period - Stopped by Philipp Grubauer with a rebound.
17:21 of 1st period - Snap shot by Jesse Puljujarvi.
17:21 of 1st period - Stopped by Philipp Grubauer with a rebound.
17:56 of 1st period - Jack Rathbone beats up Peter Abbandonato.
17:56 of 1st period - Penalty to Peter Abbandonato for Fighting.
17:56 of 1st period - Penalty to Jack Rathbone for Fighting.
17:56 of 1st period - Penalty to Peter Abbandonato for instigated a fight.
17:56 of 1st period - Penalty to Peter Abbandonato for instigated a fight.
17:57 of 1st period - Trevor Lewis wins face-off versus Brad Lambert in Sarnia Sailors zone.
18:00 of 1st period - Snap shot by Curtis Lazar.
18:00 of 1st period - Shot Misses the Net.
18:06 of 1st period - Snap shot by Curtis Lazar.
18:06 of 1st period - Shot Blocked by Arthur Kaliyev.
19:56 of 1st period - Penalty to Peter Abbandonato is over, Cole Koepke is send on ice.
Goals for this period are 0 for Sarnia Sailors vs 1 for Reno Silver Aces.
Shots for this period are 11 for Sarnia Sailors vs 15 for Reno Silver Aces.
2nd period
0:01 of 2nd period - Brad Lambert wins face-off versus Curtis Lazar in neutral zone.
0:32 of 2nd period - Snap shot by Kieffer Bellows.
0:32 of 2nd period - Shot Blocked by Jamie Drysdale.
0:56 of 2nd period - Samuel Bolduc is hit by Declan Chisholm and loses puck.
1:14 of 2nd period - Icing by Declan Chisholm.
1:15 of 2nd period - Tanner Laczynski wins face-off versus Logan Morrison in Sarnia Sailors zone.
1:46 of 2nd period - Wrist shot by Logan Morrison.
1:46 of 2nd period - Shot Misses the Net.
1:48 of 2nd period - Slapshot by Jamie Drysdale.
1:48 of 2nd period - Stopped by Philipp Grubauer with a rebound.
1:50 of 2nd period - Wrist shot by Adam Erne.
1:50 of 2nd period - Deflect By Logan Morrison.
1:50 of 2nd period - Shot Misses the Net.
1:50 of 2nd period - Puck is out of play.
1:51 of 2nd period - Brad Lambert wins face-off versus Patrick Brown in Reno Silver Aces zone.
2:16 of 2nd period - Samuel Bolduc is hit by Samuel Walker and loses puck.
2:57 of 2nd period - Icing by Tyson Hinds.
2:58 of 2nd period - Patrick Brown wins face-off versus Brad Lambert in Sarnia Sailors zone.
4:00 of 2nd period - Off-side.
4:01 of 2nd period - Tristen Nielsen wins face-off versus Patrick Brown in neutral zone.
4:08 of 2nd period - Slapshot by Jesse Puljujarvi.
4:08 of 2nd period - Shot Blocked by Jordan Oesterle.
4:10 of 2nd period - Snap shot by Jamie Drysdale.
4:10 of 2nd period - Stopped by Philipp Grubauer without a rebound.
4:11 of 2nd period - Patrick Brown wins face-off versus Tristen Nielsen in Reno Silver Aces zone.
4:13 of 2nd period - Minor Penalty to Mathieu Olivier for Holding.
4:14 of 2nd period - Vinnie Hinostroza wins face-off versus Brad Lambert in Reno Silver Aces zone.
4:24 of 2nd period - Snap shot by Arthur Kaliyev.
4:24 of 2nd period - Shot Misses the Net.
4:26 of 2nd period - Slapshot by Declan Chisholm.
4:26 of 2nd period - Stopped by Philipp Grubauer with a rebound.
4:40 of 2nd period - Jordan Oesterle is hit by Logan Morrison.
6:13 of 2nd period - Penalty to Mathieu Olivier is over, Mathieu Olivier is back on ice.
6:21 of 2nd period - Wrist shot by Landon Slaggert.
6:21 of 2nd period - Shot Misses the Net.
6:23 of 2nd period - Wrist shot by Rory Kerins.
6:23 of 2nd period - Shot Misses the Net.
6:25 of 2nd period - Snap shot by Rory Kerins.
6:25 of 2nd period - Shot Blocked by Nicolas Deslauriers.
8:13 of 2nd period - Wrist shot by Curtis Lazar.
8:13 of 2nd period - Stopped by Sebastian Cossa with a rebound.
8:43 of 2nd period - Jack Rathbone is hit by Zachary L'Heureux and loses puck.
8:56 of 2nd period - Samuel Bolduc is hit by Cole Reinhardt and loses puck.
9:32 of 2nd period - Declan Chisholm is hit by Nicolas Deslauriers and loses puck.
9:45 of 2nd period - Wrist shot by Tristen Nielsen.
9:45 of 2nd period - Stopped by Philipp Grubauer with a rebound.
9:47 of 2nd period - Wrist shot by Tristen Nielsen.
9:47 of 2nd period - Shot Misses the Net.
10:16 of 2nd period - Tyson Hinds is hit by Curtis Lazar and loses puck.
10:29 of 2nd period - Kieffer Bellows is hit by Jett Woo and loses puck.
11:01 of 2nd period - Icing by Jesse Puljujarvi.
11:02 of 2nd period - Tristen Nielsen wins face-off versus Patrick Brown in Sarnia Sailors zone.
11:09 of 2nd period - Slapshot by Declan Chisholm.
11:09 of 2nd period - Deflect By Trevor Lewis.
11:09 of 2nd period - Stopped by Philipp Grubauer with a rebound.
11:15 of 2nd period - Samuel Walker is hit by Trevor Lewis and loses puck.
11:52 of 2nd period - Snap shot by Logan Morrison.
11:52 of 2nd period - Shot Misses the Net.
11:54 of 2nd period - Snap shot by Adam Erne.
11:54 of 2nd period - Shot Blocked by Jeremie Poirier.
11:56 of 2nd period - Snap shot by Cole Reinhardt.
11:56 of 2nd period - Shot Blocked by Ty Smith.
12:16 of 2nd period - Backhand shot by Ty Smith.
12:16 of 2nd period - Shot Misses the Net.
12:30 of 2nd period - Snap shot by Adam Erne.
12:30 of 2nd period - Shot Blocked by Trevor Lewis.
12:32 of 2nd period - Slapshot by Philippe Myers.
12:32 of 2nd period - Stopped by Philipp Grubauer with a rebound.
12:34 of 2nd period - Slapshot by Tyson Hinds.
12:34 of 2nd period - Deflect By Vinnie Hinostroza.
12:34 of 2nd period - Stopped by Philipp Grubauer with a rebound.
12:36 of 2nd period - Wrist shot by Adam Erne.
12:36 of 2nd period - Shot Blocked by Trevor Lewis.
12:56 of 2nd period - 10 Minutes Misconduct Penalty to Peter Abbandonato is over.
12:56 of 2nd period - Wrist shot by Cole Reinhardt.
12:56 of 2nd period - Shot Misses the Net.
12:58 of 2nd period - Slapshot by Tyson Hinds.
12:58 of 2nd period - Deflect By Cole Reinhardt.
12:58 of 2nd period - Shot Blocked by Trevor Lewis.
12:58 of 2nd period - Puck is out of play.
12:59 of 2nd period - Arthur Kaliyev wins face-off versus Patrick Brown in Reno Silver Aces zone.
13:26 of 2nd period - Brendan Lemieux is hit by Jamie Drysdale and loses puck.
13:43 of 2nd period - Samuel Bolduc is hit by Jack Rathbone.
14:41 of 2nd period - Jamie Drysdale is hit by Zachary L'Heureux and loses puck.
14:46 of 2nd period - Snap shot by Cole Koepke.
14:46 of 2nd period - Stopped by Sebastian Cossa without a rebound.
14:47 of 2nd period - Rory Kerins wins face-off versus Tanner Laczynski in Sarnia Sailors zone.
15:21 of 2nd period - Snap shot by Peter Abbandonato.
15:21 of 2nd period - Stopped by Sebastian Cossa without a rebound.
15:22 of 2nd period - Patrick Brown wins face-off versus Vasili Podkolzin in Sarnia Sailors zone.
15:27 of 2nd period - Backhand shot by Kieffer Bellows.
15:27 of 2nd period - Stopped by Sebastian Cossa without a rebound.
15:28 of 2nd period - Brad Lambert wins face-off versus Patrick Brown in Sarnia Sailors zone.
15:28 of 2nd period - Brad Lambert is hit by Patrick Brown.
15:42 of 2nd period - Wrist shot by Patrick Brown.
15:42 of 2nd period - Stopped by Sebastian Cossa without a rebound.
15:43 of 2nd period - Curtis Lazar wins face-off versus Tristen Nielsen in Sarnia Sailors zone.
15:48 of 2nd period - Slapshot by Vinnie Hinostroza.
15:48 of 2nd period - Shot Misses the Net.
15:50 of 2nd period - Slapshot by Samuel Bolduc.
15:50 of 2nd period - Deflect By Curtis Lazar.
15:50 of 2nd period - Shot Blocked by Jamie Drysdale.
15:50 of 2nd period - Puck is out of play.
15:51 of 2nd period - Curtis Lazar wins face-off versus Tristen Nielsen in Sarnia Sailors zone.
15:56 of 2nd period - Snap shot by Curtis Lazar.
15:56 of 2nd period - Stopped by Sebastian Cossa without a rebound.
15:57 of 2nd period - Patrick Brown wins face-off versus Brad Lambert in Sarnia Sailors zone.
16:26 of 2nd period - Snap shot by Samuel Walker.
16:26 of 2nd period - Stopped by Philipp Grubauer with a rebound.
16:28 of 2nd period - Slapshot by Jack Rathbone.
16:28 of 2nd period - Deflect By Samuel Bolduc.
16:28 of 2nd period - Stopped by Philipp Grubauer without a rebound.
16:29 of 2nd period - Brad Lambert wins face-off versus Tanner Laczynski in Reno Silver Aces zone.
16:32 of 2nd period - Snap shot by Arthur Kaliyev.
16:32 of 2nd period - Shot Misses the Net.
16:59 of 2nd period - Vasili Podkolzin beats up Casey Fitzgerald.
16:59 of 2nd period - Penalty to Casey Fitzgerald for Fighting.
16:59 of 2nd period - Penalty to Vasili Podkolzin for Fighting.
16:59 of 2nd period - Penalty to Vasili Podkolzin for instigated a fight.
16:59 of 2nd period - Penalty to Vasili Podkolzin for instigated a fight.
17:00 of 2nd period - Logan Morrison wins face-off versus Curtis Lazar in Sarnia Sailors zone.
17:29 of 2nd period - Icing by Samuel Bolduc.
17:30 of 2nd period - Logan Morrison wins face-off versus Patrick Brown in Reno Silver Aces zone.
17:41 of 2nd period - Wrist shot by Vinnie Hinostroza.
17:41 of 2nd period - Shot Misses the Net.
17:43 of 2nd period - Slapshot by Ty Smith.
17:43 of 2nd period - Shot Misses the Net.
17:45 of 2nd period - Wrist shot by Vinnie Hinostroza.
17:45 of 2nd period - Stopped by Sebastian Cossa without a rebound.
17:46 of 2nd period - Curtis Lazar wins face-off versus Logan Morrison in Sarnia Sailors zone.
17:57 of 2nd period - Wrist shot by Vinnie Hinostroza.
17:57 of 2nd period - Stopped by Sebastian Cossa with a rebound.
17:59 of 2nd period - Snap shot by Vinnie Hinostroza.
17:59 of 2nd period - Goal by Vinnie Hinostroza - Sarnia Sailors : 0 - Reno Silver Aces : 2.
18:00 of 2nd period - Curtis Lazar wins face-off versus Brad Lambert in neutral zone.
18:25 of 2nd period - Tristen Nielsen is hit by Kieffer Bellows and loses puck.
18:30 of 2nd period - Wrist shot by Mathieu Olivier.
18:30 of 2nd period - Shot Blocked by Tristen Nielsen.
18:44 of 2nd period - Jamie Drysdale is hit by Brendan Lemieux and loses puck.
19:16 of 2nd period - Snap shot by Rory Kerins.
19:16 of 2nd period - Shot Hit the Post.
19:48 of 2nd period - Slapshot by Cole Koepke.
19:48 of 2nd period - Shot Blocked by Brad Lambert.
19:50 of 2nd period - Snap shot by Cole Koepke.
19:50 of 2nd period - Stopped by Sebastian Cossa without a rebound.
19:51 of 2nd period - Curtis Lazar wins face-off versus Rory Kerins in Sarnia Sailors zone.
Goals for this period are 0 for Sarnia Sailors vs 1 for Reno Silver Aces.
Shots for this period are 9 for Sarnia Sailors vs 10 for Reno Silver Aces.
3rd period
0:01 of 3rd period - Brad Lambert wins face-off versus Patrick Brown in neutral zone.
0:27 of 3rd period - Curtis Lazar is hit by Declan Chisholm and loses puck.
0:44 of 3rd period - Snap shot by Jeremie Poirier.
0:44 of 3rd period - Shot Misses the Net.
0:46 of 3rd period - Slapshot by Ty Smith.
0:46 of 3rd period - Shot Blocked by Jett Woo.
0:48 of 3rd period - Wrist shot by Nicolas Deslauriers.
0:48 of 3rd period - Shot Blocked by Jett Woo.
0:50 of 3rd period - Wrist shot by Nicolas Deslauriers.
0:50 of 3rd period - Shot Blocked by Jett Woo.
1:21 of 3rd period - Snap shot by Jesse Puljujarvi.
1:21 of 3rd period - Stopped by Philipp Grubauer without a rebound.
1:22 of 3rd period - Patrick Brown wins face-off versus Tristen Nielsen in Reno Silver Aces zone.
1:34 of 3rd period - Snap shot by Jesse Puljujarvi.
1:34 of 3rd period - Shot Hit the Post.
1:36 of 3rd period - Slapshot by Tyson Hinds.
1:36 of 3rd period - Stopped by Philipp Grubauer with a rebound.
1:38 of 3rd period - Wrist shot by Tristen Nielsen.
1:38 of 3rd period - Shot Blocked by Jordan Oesterle.
2:08 of 3rd period - Snap shot by Peter Abbandonato.
2:08 of 3rd period - Goal by Peter Abbandonato - Sarnia Sailors : 0 - Reno Silver Aces : 3.
2:09 of 3rd period - Brad Lambert wins face-off versus Curtis Lazar in neutral zone.
4:35 of 3rd period - Snap shot by Cole Koepke.
4:35 of 3rd period - Shot Misses the Net.
4:37 of 3rd period - Snap shot by Zachary L'Heureux.
4:37 of 3rd period - Shot Misses the Net.
4:41 of 3rd period - Snap shot by Peter Abbandonato.
4:41 of 3rd period - Stopped by Sebastian Cossa with a rebound.
4:43 of 3rd period - Wrist shot by Cole Koepke.
4:43 of 3rd period - Stopped by Sebastian Cossa with a rebound.
4:57 of 3rd period - Slapshot by Jett Woo.
4:57 of 3rd period - Shot Misses the Net.
4:59 of 3rd period - Snap shot by Jesse Puljujarvi.
4:59 of 3rd period - Goal by Jesse Puljujarvi - Sarnia Sailors : 1 - Reno Silver Aces : 3.
5:00 of 3rd period - Curtis Lazar wins face-off versus Brad Lambert in neutral zone.
5:49 of 3rd period - Ty Smith is hit by Lucas Edmonds and loses puck.
5:56 of 3rd period - William Villeneuve is hit by Lucas Edmonds and loses puck.
6:15 of 3rd period - Logan Morrison is hit by Zachary L'Heureux and loses puck.
6:57 of 3rd period - Minor Penalty to Nicolas Deslauriers for Tripping.
6:58 of 3rd period - Brad Lambert wins face-off versus Vinnie Hinostroza in Reno Silver Aces zone.
7:00 of 3rd period - Wrist shot by Samuel Walker.
7:00 of 3rd period - Stopped by Philipp Grubauer with a rebound.
7:34 of 3rd period - Snap shot by Logan Morrison.
7:34 of 3rd period - Deflect By Lucas Edmonds.
7:34 of 3rd period - Stopped by Philipp Grubauer without a rebound.
7:35 of 3rd period - Curtis Lazar wins face-off versus Samuel Walker in Reno Silver Aces zone.
8:04 of 3rd period - Icing by Jesse Puljujarvi.
8:05 of 3rd period - Curtis Lazar wins face-off versus Lucas Edmonds in Sarnia Sailors zone.
8:16 of 3rd period - Snap shot by Curtis Lazar.
8:16 of 3rd period - Shot Misses the Net.
8:28 of 3rd period - Snap shot by Jesse Puljujarvi.
8:28 of 3rd period - Shot Misses the Net.
8:30 of 3rd period - Snap shot by Lucas Edmonds.
8:30 of 3rd period - Stopped by Philipp Grubauer without a rebound.
8:31 of 3rd period - Kieffer Bellows wins face-off versus Brad Lambert in Reno Silver Aces zone.
8:51 of 3rd period - Kieffer Bellows is hit by Jamie Drysdale and loses puck.
8:57 of 3rd period - Penalty to Nicolas Deslauriers is over, Nicolas Deslauriers is back on ice.
9:05 of 3rd period - Icing by Jesse Puljujarvi.
9:06 of 3rd period - Tanner Laczynski wins face-off versus Logan Morrison in Sarnia Sailors zone.
9:24 of 3rd period - Icing by Jamie Drysdale.
9:25 of 3rd period - Curtis Lazar wins face-off versus Logan Morrison in Sarnia Sailors zone.
9:36 of 3rd period - Snap shot by Vinnie Hinostroza.
9:36 of 3rd period - Shot Misses the Net.
9:38 of 3rd period - Wrist shot by Vinnie Hinostroza.
9:38 of 3rd period - Stopped by Sebastian Cossa with a rebound.
9:40 of 3rd period - Snap shot by Curtis Lazar.
9:40 of 3rd period - Shot Blocked by Jamie Drysdale.
9:58 of 3rd period - Wrist shot by Patrick Brown.
9:58 of 3rd period - Shot Blocked by Brad Lambert.
10:00 of 3rd period - Wrist shot by Mathieu Olivier.
10:00 of 3rd period - Stopped by Sebastian Cossa without a rebound.
10:01 of 3rd period - Brad Lambert wins face-off versus Curtis Lazar in Sarnia Sailors zone.
10:12 of 3rd period - Curtis Lazar is hit by Jett Woo and loses puck.
10:32 of 3rd period - Slapshot by Philippe Myers.
10:32 of 3rd period - Deflect By Mathieu Olivier.
10:32 of 3rd period - Stopped by Philipp Grubauer with a rebound.
10:34 of 3rd period - Snap shot by Jesse Puljujarvi.
10:34 of 3rd period - Shot Misses the Net.
10:59 of 3rd period - Slapshot by Jordan Oesterle.
10:59 of 3rd period - Stopped by Sebastian Cossa with a rebound.
11:23 of 3rd period - Slapshot by Vinnie Hinostroza.
11:23 of 3rd period - Shot Blocked by Jamie Drysdale.
11:59 of 3rd period - 10 Minutes Misconduct Penalty to Vasili Podkolzin is over.
11:59 of 3rd period - Snap shot by Arthur Kaliyev.
11:59 of 3rd period - Shot Blocked by Tanner Laczynski.
12:01 of 3rd period - Backhand shot by Brad Lambert.
12:01 of 3rd period - Stopped by Philipp Grubauer with a rebound.
12:03 of 3rd period - Backhand shot by Jett Woo.
12:03 of 3rd period - Stopped by Philipp Grubauer with a rebound.
12:48 of 3rd period - Snap shot by Landon Slaggert.
12:48 of 3rd period - Stopped by Philipp Grubauer without a rebound.
12:49 of 3rd period - Rory Kerins wins face-off versus Curtis Lazar in Reno Silver Aces zone.
14:13 of 3rd period - Peter Abbandonato is hit by Landon Slaggert and loses puck.
14:28 of 3rd period - Wrist shot by Brad Lambert.
14:28 of 3rd period - Stopped by Philipp Grubauer without a rebound.
14:29 of 3rd period - Curtis Lazar wins face-off versus Brad Lambert in Reno Silver Aces zone.
14:34 of 3rd period - Casey Fitzgerald is hit by Brad Lambert.
14:40 of 3rd period - Wrist shot by Vasili Podkolzin.
14:40 of 3rd period - Shot Misses the Net.
14:42 of 3rd period - Wrist shot by Brad Lambert.
14:42 of 3rd period - Stopped by Philipp Grubauer with a rebound.
15:19 of 3rd period - Slapshot by Landon Slaggert.
15:19 of 3rd period - Shot Misses the Net.
15:21 of 3rd period - Slapshot by Jett Woo.
15:21 of 3rd period - Deflect By Lucas Edmonds.
15:21 of 3rd period - Stopped by Philipp Grubauer with a rebound.
15:23 of 3rd period - Snap shot by Jack Rathbone.
15:23 of 3rd period - Stopped by Philipp Grubauer with a rebound.
15:25 of 3rd period - Wrist shot by Lucas Edmonds.
15:25 of 3rd period - Shot Misses the Net.
15:26 of 3rd period - Tanner Laczynski and Lucas Edmonds fight to a draw.
15:26 of 3rd period - Penalty to Tanner Laczynski for Fighting.
15:26 of 3rd period - Penalty to Lucas Edmonds for Fighting.
15:27 of 3rd period - Cole Koepke wins face-off versus Adam Erne in Reno Silver Aces zone.
15:33 of 3rd period - Minor Penalty to Cole Reinhardt for Roughing.
15:34 of 3rd period - Logan Morrison wins face-off versus Patrick Brown in Sarnia Sailors zone.
15:41 of 3rd period - Samuel Bolduc is hit by Declan Chisholm and loses puck.
15:47 of 3rd period - Off-side.
15:48 of 3rd period - Curtis Lazar wins face-off versus Logan Morrison in neutral zone.
15:50 of 3rd period - Off-side.
15:51 of 3rd period - Curtis Lazar wins face-off versus Logan Morrison in neutral zone.
15:58 of 3rd period - Wrist shot by Vinnie Hinostroza.
15:58 of 3rd period - Stopped by Sebastian Cossa with a rebound.
16:25 of 3rd period - Snap shot by Kieffer Bellows.
16:25 of 3rd period - Shot Misses the Net.
16:35 of 3rd period - Adam Erne is hit by Trevor Lewis and loses puck.
17:33 of 3rd period - Penalty to Cole Reinhardt is over, Cole Reinhardt is back on ice.
Goals for this period are 1 for Sarnia Sailors vs 1 for Reno Silver Aces.
Shots for this period are 14 for Sarnia Sailors vs 7 for Reno Silver Aces.
Back to the Top